 Dungeon Crawl Stone Soup version 0.18.1-8-gdd0e5ea (webtiles) character file.

210 Chemotherapy the Sneak (level 5, 0/39 HPs)
             Began as a Vampire Assassin on May 21, 2016.
             Succumbed to a worker ant's poison
             ... on level 3 of the Dungeon.
             The game lasted 00:05:10 (2362 turns).

Chemotherapy the Sneak (Vampire Assassin)           Turns: 2362, Time: 00:05:11

Health: 0/39       AC:  3    Str: 11    XL:     5   Next: 56%
Magic:  5/5        EV: 13    Int: 13    God:
Gold:   176        SH:  0    Dex: 16    Spells: 0 memorised, 4 levels left

rFire  . . .     SeeInvis +     a - +2 dagger
rCold  . . .     Gourm    .     c - +0 robe
rNeg   + . .     Faith    .     (no shield)
rPois  .         Spirit   .     (no helmet)
rElec  .         Dismiss  +     d - +0 cloak
rCorr  .         Reflect  .     (no gloves)
SustAt .         Harm     .     (no boots)
MR     .....                    w - amulet of dismissal
Stlth  ++++......               (no ring)
                                u - ring of wizardry {Wiz+, !d}

@: lethally poisoned (0 -> -6), not resistant to hostile enchantments, stealthy
A: fangs 3, see invisible, unbreathing
a: Bat Form


You were on level 3 of the Dungeon.
You were not thirsty.

You visited 1 branch of the dungeon, and saw 3 of its levels.

You collected 176 gold pieces.

Inventory:

Hand Weapons
 a - a +2 dagger (weapon)
 b - a +0 blowgun
 l - a +0 vampiric dagger
   (You took it off a goblin on level 1 of the Dungeon)
Missiles
 e - 19 poisoned needles
 f - 2 curare-tipped needles
Armour
 c - a +0 robe (worn)
 d - a +0 cloak (worn)
Jewellery
 u - a ring of wizardry (left hand) {Wiz+, !d}
   (You found it on level 3 of the Dungeon)
 w - an amulet of dismissal (around neck)
   (You found it on level 3 of the Dungeon)
Scrolls
 i - 3 scrolls of teleportation {unknown}
 k - a scroll of fear {unknown}
 n - 4 scrolls of identify {unknown}
 q - 4 scrolls of enchant armour {unknown}
 s - 2 scrolls of immolation {unknown}
 t - a scroll of blinking {unknown}
Potions
 h - 3 potions of brilliance {unknown}
 j - a potion of invisibility {unknown}
 m - 3 potions of haste {unknown}
 o - a potion of cure mutation {unknown}
 p - a potion of flight {unknown}
 r - a potion of ambrosia {unknown}
 v - a potion of lignification {unknown}
Books
 x - a book of Alchemy
   (You found it on level 3 of the Dungeon)


   Skills:
 + Level 2.7 Fighting
 * Level 4.9 Short Blades
 - Level 1.5 Throwing
 + Level 2.9 Dodging
 - Level 6.2 Stealth


You had 4 spell levels left.
You didn't know any spells.

Dungeon Overview and Level Annotations

Branches:
Dungeon (3/15)

Altars:
Ashenzari
Fedhas
Pakellas


Innate Abilities, Weirdness & Mutations

You have razor-sharp teeth.
You have supernaturally acute eyesight.
You can survive without breathing.


Message History

You start resting.
You feel sick. x5
You are no longer poisoned.
You take 3 damage, and have 29/39 hp.
Found a stone staircase leading down.
You regained 3 hp, and now have 32/39 hp.
m - 3 cyan potions (gained 1)
Your potion of blood {@q1} rots away.
A worker ant and a giant cockroach come into view.
You regained 2 hp, and now have 34/39 hp. 2 kobolds come into view.
The worker ant twitches its antennae in your direction.
The giant cockroach barely misses you. The giant cockroach closely misses you.
The worker ant bites you but does no damage.
The kobold shouts!
You hit the worker ant.
The kobold throws a stone.
The stone barely misses you. The giant cockroach misses you.
The worker ant closely misses you.
You hit the worker ant but do no damage.
The worker ant barely misses you.
You hit the worker ant but do no damage.
The worker ant bites you.
You take 6 damage, and have 29/39 hp.
You hit the worker ant but do no damage.
The worker ant completely misses you.
You closely miss the worker ant. The worker ant bites you.
Your amulet of dismissal vibrates suddenly!
The worker ant disappears!
You take 3 damage, and have 26/39 hp.
You closely miss the giant cockroach. Your bite misses the giant cockroach.
You closely miss the giant cockroach. You bite the giant cockroach.
The giant cockroach closely misses you.
You hit the giant cockroach but do no damage.
The giant cockroach bites you but does no damage.
You hit the giant cockroach but do no damage.
You bite the giant cockroach. The giant cockroach misses you.
The kobold barely misses you.
You hit the giant cockroach.
You kill the giant cockroach!
The kobold completely misses you.
You hit the kobold but do no damage. You bite the kobold.
You kill the kobold!
The kobold barely misses you.
Items here: $ ) ? [ a club; a leather armour; a scroll labeled MESIELL GOIN; 4 gold pieces You hit the kobold.
You hit the kobold.
You kill the kobold!
You hit the worker ant but do no damage.
The worker ant bites you.
You take 1 damage, and have 26/39 hp.
You hit the worker ant.
The worker ant bites you but does no damage.
You barely miss the worker ant. The worker ant bites you.
You take 1 damage, and have 25/39 hp.
You hit the worker ant. The worker ant bites you!
You take 7 damage, and have 18/39 hp.
You hit the worker ant but do no damage.
Your bite misses the worker ant. You closely miss the worker ant.
The worker ant bites you.
You take 2 damage, and have 16/39 hp.
You hit the worker ant but do no damage.
The worker ant closely misses you.
You barely miss the worker ant. The worker ant bites you.
You are poisoned.
The worker ant poisons you!
You take 1 damage, and have 16/39 hp.
You hit the worker ant. Your bite misses the worker ant.
You feel sick. The worker ant bites you.
* * * LOW HITPOINT WARNING * * *
You take 5 damage, and have 11/39 hp.
You closely miss the worker ant.
You bite the worker ant, but do no damage.
The worker ant misses you.
You hit the worker ant but do no damage.
You bite the worker ant. The worker ant closely misses you.
You hit the worker ant.
You feel sick. The worker ant bites you.
* * * LOW HITPOINT WARNING * * *
You take 3 damage, and have 8/39 hp.
You hit the worker ant. The worker ant bites you.
* * * LOW HITPOINT WARNING * * *
You take 1 damage, and have 7/39 hp.
You closely miss the worker ant. The worker ant closely misses you.
You hit the worker ant but do no damage.
You bite the worker ant, but do no damage.
The worker ant bites you.
* * * LOW HITPOINT WARNING * * *
You take 2 damage, and have 5/39 hp.
You hit the worker ant.
You feel sick. The worker ant bites you.
* * * LOW HITPOINT WARNING * * *
You are more poisoned.
The worker ant poisons you!
You take 4 damage, and have 1/39 hp.
You hit the worker ant. You hit the worker ant.
You kill the worker ant!
* * * LOW HITPOINT WARNING * * *
You feel sick.
You take 1 damage, and have 1/39 hp.
Things that are here:
a short sword; a worker ant corpse You die...

##.#.............##.#
#.......######..%###.
#..#.##..............
###..#.##.#############
...........###########
...##..#.#............###
#. #..#.##.#####........
..##..#.##.# #.###.###
.......@##.# #.###.#
..##..#)##.# ##.#...#
#..#...#)##.####....###
#.............#.....#
#........##.........#
......#..####.#.....#
....##...# #.##....#
......).#####.#####.#####
.........[...............


There were no monsters in sight!

Vanquished Creatures
  Crazy Yiuf (D:2)
  An orc wizard (D:2)
  A worker ant (D:3)
  8 adders
  An ooze (D:3)
  2 worms (D:2)
  A dart slug (D:1)
  A giant gecko (D:3)
  4 orcs (D:3)
  6 bats
  A giant cockroach (D:3)
  5 hobgoblins
  5 kobolds
  2 quokkas
  2 giant newts
  2 goblins (D:1)
  8 rats
51 creatures vanquished.

Vanquished Creatures (others)
  A hydra (D:2)
1 creature vanquished.

Grand Total: 52 creatures vanquished

Notes
Turn   | Place    | Note
--------------------------------------------------------------
     0 | D:1      | Chemotherapy the Vampire Assassin began the quest for the Orb.
     0 | D:1      | Reached XP level 1. HP: 16/16 MP: 1/1
   107 | D:1      | Reached skill level 6 in Stealth
   183 | D:1      | Reached XP level 2. HP: 20/22 MP: 2/2
   198 | D:1      | Reached skill level 3 in Short Blades
   647 | D:2      | Reached XP level 3. HP: 27/27 MP: 3/3
   669 | D:2      | Reached skill level 2 in Fighting
  1056 | D:2      | Found a blossoming altar of Fedhas.
  1191 | D:2      | Reached skill level 2 in Dodging
  1191 | D:2      | Reached XP level 4. HP: 33/33 MP: 4/4
  1299 | D:2      | Reached skill level 4 in Short Blades
  1355 | D:2      | Found an oddly glowing altar of Pakellas.
  1355 | D:2      | Noticed a six-headed hydra
  1360 | D:2      | Killed a six-headed hydra
  1497 | D:2      | Noticed Crazy Yiuf
  1530 | D:2      | Killed Crazy Yiuf
  1677 | D:3      | Found a shattered altar of Ashenzari.
  1708 | D:2      | Reached XP level 5. HP: 12/39 MP: 5/5
  1992 | D:3      | HunfridMar: hey sucka!
  1995 | D:3      | HunfridMar: hows the day going?
  1995 | D:3      | Chemotherapy: ok how are you?
  1995 | D:3      | HunfridMar: not too bad
  2084 | D:3      | HunfridMar: just chillin
  2210 | D:3      | HunfridMar: david made it to shoals
  2210 | D:3      | HunfridMar: and then bit it
  2210 | D:3      | Chemotherapy: ah dang
  2210 | D:3      | HunfridMar: but he's def getting better
  2210 | D:3      | Chemotherapy: well that's progress
  2235 | D:3      | HunfridMar: you guys up or haning out at all today?
  2235 | D:3      | Chemotherapy: I think so maybe tonight... we had a big day so far, but we'll see when anna gets home
  2266 | D:3      | HunfridMar: yeah is cool just let us know
  2266 | D:3      | Chemotherapy: is that ok?
  2266 | D:3      | HunfridMar: we happy to whip up some din
  2266 | D:3      | HunfridMar: yeah totally
  2266 | D:3      | Chemotherapy: that would be awesome
  2266 | D:3      | HunfridMar: we ain't got nothing going on
  2335 | D:3      | HunfridMar: probably grill something and hang out in the back yard
  2354 | D:3      | HP: 8/39 [worker ant (2)]
  2358 | D:3      | HP: 1/39 [worker ant (3)]
  2362 | D:3      | Succumbed to a worker ant's poison

Skill      XL: |  1  2  3  4 |
---------------+-------------+-----
Stealth        | 6 |  6.2
Short Blades   | 3 4 |  4.9
Fighting       | 2 |  2.7
Dodging        | 2 |  2.9
Throwing       | |  1.5

Action                   |  1- 3 |  4- 6 || total
-------------------------+-------+-------++-------
Melee: Dagger            |    84 |    97 ||   181
       Bite              |     3 |    10 ||    13
 Fire: Blowgun           |       |     3 ||     3
 Stab: Sleeping          |    11 |     6 ||    17
  Eat: Corpse            |     3 |     2 ||     5
Armor: Robe              |    12 |     9 ||    21
Dodge: Dodged            |    51 |    41 ||    92

Vault maps used:
D:1:      dpeg_arrival_long_road
D:2:      minmay_door_path, lemuel_crystal_altar, serial_curves, eino_curves_02,
          eino_curves_04, eino_curves_02, eino_curves_02,
          gammafunk_pakellas_cloud_experiment, uniq_crazy_yiuf_cottage
D:3:      cheibrodos_ashenzari_chains, first_bread, serial_bayou_ford_a,
          uniq_robin

Table legend:
 A = Turns spent in this place as a percentage of turns spent in the entire game.
 B = Non-inter-level travel turns spent in this place as a percentage of non-inter-level travel turns spent in the entire game.
 C = Inter-level travel turns spent in this place as a percentage of turns spent in this place.
 D = Turns resting spent in this place as a percentage of non-inter-level travel turns spent in this place.
 E = Turns spent auto-exploring this place as a percentage of non-inter-level travel turns spent in this place.
 F = Non-inter-level travel turns spent in this place divided by the number of levels of this place that you've seen.
                   A       B       C       D       E      F
               +-------+-------+-------+-------+-------+----------------------
         Total | 100.0 | 100.0 |   0.4 |   3.7 |  12.3 | 187.3
       Dungeon | 100.0 | 100.0 |   0.4 |   3.7 |  12.3 | 187.3
               +-------+-------+-------+-------+-------+----------------------

Table legend:
 A = Kills in this place as a percentage of kills in entire the game.
 B = Kills by you in this place as a percentage of kills by you in the entire game.
 C = Kills by friends in this place as a percentage of kills by friends in the entire game.
 D = Other kills in this place as a percentage of other kills in the entire game.
 E = Experience gained in this place as a percentage of experience gained in the entire game.
 F = Experience gained in this place divided by the number of levels of this place that you have seen.
                   A       B       C       D       E      F
               +-------+-------+-------+-------+-------+----------------------
         Total | 100.0 | 100.0 |  -nan |  -nan | 100.0 | 100.0
       Dungeon | 100.0 | 100.0 |  -nan |  -nan | 100.0 | 100.0
               +-------+-------+-------+-------+-------+----------------------
